 Dungeon Crawl Stone Soup version 0.30.1-11-g7821555f0a (webtiles) character file.

Game seed: 11219892971567221757

734 Peloso the Covered (level 7, -7/91 HPs)
             Began as a Minotaur Fighter on Dec 11, 2023.
             Was an Initiate of Okawaru.
             Killed by divine providence
             ... invoked by an orc priest
              (13 damage)
             ... on level 5 of the Dungeon.
             The game lasted 00:06:20 (3475 turns).

Peloso the Covered (Minotaur Fighter)               Turns: 3475, Time: 00:06:21

Health: -7/91      AC: 23    Str: 27    XL:     7   Next: 45%
Magic:  6/6        EV:  2    Int:  5    God:    Okawaru [......]
Gold:   128        SH:  5    Dex: 11    Spells: 6/6 levels left

rFire   . . .        a - +1 long sword
rCold   . . .        c - +0 buckler
rNeg    . . .        b - melded +0 scale mail
rPois   +            (helmet currently unavailable)
rElec   .            (cloak currently unavailable)
rCorr   +            (gloves currently unavailable)
SInv    .            (boots currently unavailable)
Will    .....        k - amulet of regeneration
Stlth   +            e - +6 ring of strength
HPRegen 1.15/turn    y - ring of resist corrosion
MPRegen 0.10/turn

%: no passive effects
@: tree-form
A: stationary, stasis, torment immunity, boosted hp, (horns 2), (retaliatory
headbutt)
a: Renounce Religion


You were on level 5 of the Dungeon.
You worshipped Okawaru.
Okawaru was noncommittal.
You were a tree.
You visited 2 branches of the dungeon, and saw 6 of its levels.

You collected 128 gold pieces.

Inventory:

Hand Weapons
 a - a +1 long sword (weapon)
Armour
 b - a +0 scale mail (melded)
 c - a +0 buckler (worn)
Jewellery
 e - a +6 ring of strength (left branch)
 k - an amulet of regeneration (around neck)
 u - a ring of ice
 y - a ring of resist corrosion (right branch)
Wands
 w - a wand of mindburst (13)
Scrolls
 f - a scroll of teleportation
 j - a scroll of blinking
 l - a scroll of silence
 n - a scroll of magic mapping {unknown}
 o - a scroll of fear {unknown}
 p - 5 scrolls of identify {unknown}
 t - 2 scrolls of vulnerability {unknown}
 v - 2 scrolls of amnesia {unknown}
 x - a scroll of immolation {unknown}
Potions
 d - a potion of might
 g - a potion of lignification
 i - a potion of magic {unknown}
 m - a potion of mutation {unknown}
 q - a potion of haste {unknown}
 r - 2 potions of ambrosia
 s - a potion of brilliance {unknown}
 z - a potion of heal wounds {unknown}
 A - a potion of degeneration {unknown}
 B - a potion of flight {unknown}


   Skills:
 + Level 5.4 Fighting
 + Level 6.0 Long Blades
 + Level 6.5 Armour
 + Level 2.1 Dodging
 + Level 0.6 Stealth
 + Level 5.0 Shields


You had 6 spell levels left.
You didn't know any spells.
Your spell library contained the following spells:

 Spells                   Type           Power      Damage    Failure   Level
 Beastly Appendage        Tmut           0%         N/A       52%         1
 Kiss of Death            Conj/Necr      0%         2d5       52%         1
 Ensorcelled Hibernation  Hex/Ice        0%         N/A       67%         2
 Passwall                 Tmut/Erth      0%         N/A       67%         2
 Wereblood                Tmut           0%         N/A       67%         2
 Confusing Touch          Hex            0%         N/A       88%         3
 Spider Form              Tmut/Pois      0%         N/A       88%         3
 Swiftness                Air            0%         N/A       88%         3
 Dispel Undead            Necr           0%         3d6       99%         4
 Eringya's Noxious Bog    Tmut/Pois      0%         N/A       100%        6
 Summon Forest            Summ/Tloc      Unusable   N/A       N/A         5
 Summon Hydra             Summ           Unusable   N/A       N/A         7

Dungeon Overview and Level Annotations

Branches:
Dungeon (5/15)             Temple (1/1) D:5

Altars:
Ashenzari
Cheibriados
Dithmenos
Makhleb
Nemelex Xobeh
Okawaru
Qazlal
Sif Muna
Trog
Uskayaw
Vehumet
Zin
The Shining One

Shops:
D:1 [!![   D:2 (

Annotations:
D:3 1 runed translucent door, Crazy Yiuf


Innate Abilities, Weirdness & Mutations

You are a tree.
Your roots penetrate the ground, keeping you stationary.
You cannot be teleported.
You are immune to unholy pain and torment.
Your maximum health is greatly increased.
Your equipment is partially melded.
((You have a pair of horns on your head.))
((You reflexively headbutt those who attack you in melee.))


Message History

The orc hits you from afar with a +0 trident.
Unknown command.
You hit the orc wizard. Your headbutt misses the orc wizard.
The orc wizard is heavily wounded.
The orc hits you from afar with a +0 trident.
The orc wizard points at you and mumbles some strange words.
The magic dart hits you.
You closely miss the orc wizard.
The orc wizard is heavily wounded.
The orc barely misses you.
The orc wizard hits you with a +0 dagger.
You barely miss the orc wizard.
The orc wizard is heavily wounded.
You block the orc's attack. The orc wizard casts a spell at you.
The puff of flame hits you.
* * * LOW HITPOINT WARNING * * *
You closely miss the orc wizard. You headbutt the orc wizard.
You kill the orc wizard!
Okawaru accepts your kill. You block the orc's attack.
You closely miss the orc priest.
The orc priest invokes the aid of Beogh against you.
Beogh smites you!
* * * LOW HITPOINT WARNING * * *
The orc barely misses you. The orc hits you but does no damage.
The orc priest hits you with a +0 dagger.
* * * LOW HITPOINT WARNING * * *
It was a potion of lignification.
You turn into a tree.
Your +0 scale mail melds into your body.
Your roots penetrate the ground.
The orc priest hits you but does no damage.
The orc barely misses you.
You closely miss the orc priest. You block the orc priest's attack.
The orc hits you but does no damage.
Unknown command.
You barely miss the orc priest.
The orc priest calls down the wrath of Beogh upon you.
Beogh smites you!
You die...

.......................##
....#..)..###..........#
.......................#
...................#...#
.......#...#.#.##......# .
.......................# .
.<..........o#..#.....
.#####.....#...#o#........
........#..##..#♣#.#..#..#.
...........##..............
#........................###
#....##.#.#........#........
#....##.#.#....#.#.#........
........#......#.#.#........
..............##>#..........
........##...###.#.#.....##
.#.# ........##...#
#.........###.#.#.


You could see an orc priest and an orc.

Vanquished Creatures
  Eustachio (D:5)
  An ice beast (D:5)
  A sky beast (D:3)
  A howler monkey (D:4)
  A hound (D:4)
  An orc priest (D:5)
  2 sleepcaps (D:5)
  Natasha (D:3)
  An iguana (D:3)
  An orc wizard (D:5)
  9 adders
  A white imp (D:5)
  An ufetubus (D:5)
  A worm (D:2)
  3 dart slugs
  3 orcs (D:5)
  5 ball pythons
  4 endoplasms (D:3)
  5 giant cockroaches
  8 goblins
  6 hobgoblins
  5 jackals (D:3)
  7 kobolds
  A quokka (D:1)
  3 bats
  4 frilled lizards
  8 rats
85 creatures vanquished.

Notes
Turn   | Place    | Note
-------+----------+-------------------------------------------
     0 | D:1      | Peloso the Minotaur Fighter began the quest for the Orb.
     0 | D:1      | Reached XP level 1. HP: 19/19 MP: 0/0
    91 | D:1      | Found Jocreoczio's Armour Shoppe.
   213 | D:1      | Found Igiv's Distillery.
   216 | D:1      | Reached XP level 2. HP: 25/27 MP: 1/1
   244 | D:1      | Found Xallouk's Antique Armour Shop.
   454 | D:1      | Found Qujep's Distillery.
   816 | D:2      | Found Fachufid's Antique Weapon Boutique.
   837 | D:2      | Reached XP level 3. HP: 34/34 MP: 2/2
  1060 | D:2      | Reached XP level 4. HP: 41/41 MP: 3/3
  1408 | D:2      | Found a faded altar of an unknown god.
  1926 | D:4      | Found a radiant altar of Vehumet.
  1955 | D:4      | Reached skill level 5 in Armour
  1955 | D:4      | Reached XP level 5. HP: 47/47 MP: 4/4
  2705 | D:3      | Reached skill level 1 in Dodging
  2832 | D:3      | Noticed a sky beast
  2853 | D:3      | Killed a sky beast
  2854 | D:3      | Reached XP level 6. HP: 52/53 MP: 5/5
  2855 | D:3      | Found a stormy altar of Qazlal.
  2894 | D:3      | Noticed Natasha
  2917 | D:3      | Killed Natasha
  2918 | D:3      | Reached skill level 5 in Long Blades
  2953 | D:3      | Found a runed translucent door.
  2954 | D:3      | Noticed Crazy Yiuf
  3108 | D:5      | Entered Level 5 of the Dungeon
  3133 | D:5      | Noticed Eustachio
  3146 | D:5      | Killed Eustachio
  3186 | D:5      | Reached skill level 5 in Fighting
  3186 | D:5      | Reached XP level 7. HP: 55/61 MP: 6/6
  3238 | D:5      | Found a hide-covered altar of Uskayaw.
  3365 | D:5      | Found a staircase to the Ecumenical Temple.
  3396 | Temple   | Entered the Ecumenical Temple
  3407 | Temple   | Became a worshipper of Warmaster Okawaru
  3467 | D:5      | Reached skill level 5 in Shields
  3472 | D:5      | HP: 1/61 [orc priest/+0 dagger (4)]
  3475 | D:5      | Killed from afar by an orc priest

Illustrated notes

Levels and vault maps discovered:
D:1:      wander_arrival_lonely_grave, layout_loops_ring, serial_shops,
          nicolae_shop_hallway_stairs, nicolae_shop_overgrown_old_shop, shop,
          nicolae_shop_rolling_square
D:2:      layout_loops_ring, serial_shops, shop, basic_ecumenical_altar,
          solitary_fountain, minmay_worlds_worst_comb
D:3:      layout_rooms, nicolae_qazlal_beasts_of_the_sky,
          uniq_crazy_yiuf_cottage, uniq_natasha
D:4:      layout_loops_corners, nicolae_overflow_crystal_walls
D:5:      layout_basic, regret_index_temple_of_mockery,
          nicolae_uskayaw_suspiria, nzn_wu_jian_council_hall,
          minmay_temple_entry_butterflies, uniq_eustachio
Temple:   nicolae_temple_ecumenical_triangle

Skill      XL: |  1  2  3  4  5  6  7 |
---------------+----------------------+-----
Armour         | 4 5 6 |  6.5
Fighting       | 4 5 |  5.4
Shields        | 4 5 |  5.0
Long Blades    | 3 4 5 6 |  6.0
Dodging        | 1 2 |  2.1
Stealth        | |  0.6

Action                     |  1- 3 |  4- 6 |  7- 9 || total
---------------------------+-------+-------+-------++-------
  Melee: Long sword        |    74 |   126 |    54 ||   254
         Headbutt          |    15 |    20 |     9 ||    44
    Use: Scroll            |     2 |     3 |       ||     5
         Potion            |     2 |     1 |     2 ||     5
 Armour: Scale mail        |    27 |    76 |    27 ||   130
         Skin              |       |       |     2 ||     2
  Dodge: Dodged            |    35 |    72 |    23 ||   130
  Block: Buckler           |    12 |    39 |    22 ||    73
